 Dungeon Crawl Stone Soup version 0.19.1 (webtiles) character file.

33691 zoopp the Severer (level 13, -1/115 HPs)
             Began as a Minotaur Fighter on Dec 26, 2016.
             Was the Champion of Okawaru.
             Splashed by an acid blob's acid (5 damage)
             ... on level 5 of the Lair of Beasts.
             The game lasted 01:08:44 (13116 turns).

zoopp the Severer (Minotaur Fighter)               Turns: 13116, Time: 01:08:45

Health: -1/115     AC:  8    Str: 21    XL:     13   Next: 38%
Magic:  17/17      EV:  9    Int:  5    God:    Okawaru [******]
Gold:   908        SH: 14    Dex: 22    Spells: 0 memorised, 12 levels left

rFire  . . .     SeeInvis +     a - +6 war axe "Itydi" {speed, rN+ Dex+7}
rCold  . . .     Gourm    .     G - +1 plate armour
rNeg   + . .     Faith    +     c - +1 shield
rPois  +         Spirit   .     y - +0 mask of the Dragon {MR+ Slay+3 SInv}
rElec  .         Reflect  .     J - +1 cloak {rPois}
rCorr  +         Harm     .     (no gloves)
MR     +....                    z - +0 pair of boots
Stlth  ..........               n - amulet of faith
                                P - +2 ring of protection
                                l - ring of resist corrosion

@: corroded
A: retaliatory headbutt, horns 2, slimy green scales 1, blurry vision 2,
regeneration 1
a: Heroism, Finesse, Renounce Religion


You were on level 5 of the Lair of Beasts.
You worshipped Okawaru.
Okawaru was exalted by your worship.
You were not hungry.

You visited 3 branches of the dungeon, and saw 14 of its levels.
You also visited: Sewer.

You collected 908 gold pieces.

Inventory:

Hand Weapons
 a - the +6 war axe "Itydi" (weapon) {speed, rN+ Dex+7}
   (Okawaru gifted it to you on level 3 of the Lair of Beasts)

   Attacks with this weapon are significantly faster.
   It affects your dexterity (+7).
   It protects you from negative energy.
 b - a +3 broad axe of flaming
 D - a +2 flail of crushing
 H - the +11 spear of Watchfulness {speed, rPois rF- rN+++ Int+8}
   (You found it on level 3 of the Lair of Beasts)

   Attacks with this weapon are significantly faster.
   It affects your intelligence (+8).
   It makes you vulnerable to fire.
   It protects you from poison.
   It renders you almost immune to negative energy.
 R - a +1 morningstar of holy wrath
Missiles
 E - 6 silver javelins
 F - 3 javelins of penetration
 O - 5 silver tomahawks (quivered)
Armour
 c - a +1 shield (worn)
 e - a +0 hat
 r - a +2 pair of gloves of strength
 y - the +0 mask of the Dragon (worn) {MR+ Slay+3 SInv}
   (You found it on level 3 of the Lair of Beasts)

   It affects your accuracy and damage with ranged weapons and melee attacks
   (+3).
   It affects your resistance to hostile enchantments.
   It lets you see invisible.
 z - a +0 pair of boots (worn)
 G - a +1 plate armour (worn)
 J - a +1 cloak of poison resistance (worn)
Jewellery
 l - a ring of resist corrosion (left hand)
 n - an amulet of faith (around neck)
 v - an uncursed amulet of rage
 K - an uncursed amulet of regeneration
 N - an uncursed ring of flight
 P - a +2 ring of protection (right hand)
 T - the amulet "Goaraqoq" {RegenMP rC+ MR+, unknown}
   (You found it on level 5 of the Lair of Beasts)

   [amulet of magic regeneration]

   It increases your magic regeneration.
   It protects you from cold.
   It affects your resistance to hostile enchantments.
Wands
 M - a wand of digging (7/24)
Scrolls
 g - 5 scrolls of teleportation
 m - 3 scrolls of remove curse
 p - 2 scrolls of immolation
 q - 5 scrolls of enchant weapon
 x - 6 scrolls of magic mapping
 C - 2 scrolls of amnesia
 Q - a scroll of recharging
Potions
 d - a potion of might
 h - 2 potions of cancellation
 i - a potion of curing
 u - 2 potions of flight
 A - a potion of cure mutation
 I - a potion of agility {unknown}
 L - 2 potions of brilliance
Books
 o - Cedeog's Grimoire of Enchanting Aid
   (You found it on level 3 of the Lair of Beasts)

   Spells                             Type                      Level
   a - Regeneration                   Charms/Necromancy            3
   b - Dazzling Spray                 Conjuration/Hexes            3
   c - Cause Fear                     Hexes                        4
   d - Iskenderun's Battlesphere      Conjuration/Charms           5
   e - Metabolic Englaciation         Hexes/Ice                    5
 S - a book of Changes

   Spells                             Type                      Level
   a - Beastly Appendage              Transmutation                1
   b - Sticks to Snakes               Transmutation                2
   c - Spider Form                    Transmutation/Poison         3
   d - Ice Form                       Ice/Transmutation            4
   e - Blade Hands                    Transmutation                5
 U - a book of the Tempests

   Spells                             Type                      Level
   a - Static Discharge               Conjuration/Air              3
   b - Lightning Bolt                 Conjuration/Air              5
   c - Fireball                       Conjuration/Fire             5
   d - Tornado                        Air                          9
   e - Shatter                        Earth                        9
Miscellaneous
 s - a sack of spiders
Comestibles
 f - 10 bread rations
 j - 9 fruits
 k - 3 slices of pizza
 t - a royal jelly
 w - 9 beef jerkies
 B - 3 meat rations


   Skills:
 + Level 10.8 Fighting
 + Level 15.0(15.1) Axes
 + Level 2.9(10.5) Maces & Flails
 + Level 5.5 Throwing
 + Level 12.0 Armour
 + Level 4.0 Dodging
 + Level 1.3 Stealth
 + Level 11.8 Shields
 * Level 7.2 Invocations


You had 12 spell levels left.
You didn't know any spells.

Dungeon Overview and Level Annotations

Branches:
Dungeon (8/15)             Temple (1/1) D:4            Lair (5/6) D:8
  Swamp (0/4) Lair:3        Snake (0/4) Lair:3        Slime (0/5) Lair:5

Altars:
Ashenzari
Cheibriados
Dithmenos
Elyvilon
Fedhas
Gozag
Hepliaklqana
Kikubaaqudgha
Makhleb
Nemelex Xobeh
Okawaru
Qazlal
Ru
Sif Muna
Trog
Uskayaw
Vehumet
Xom
Yredelemnul
Zin
The Shining One
Jiyva


Innate Abilities, Weirdness & Mutations

You reflexively headbutt those who attack you in melee.
You have a pair of horns on your head.
You are partially covered in slimy green scales. (AC +2)
Scrolls take you longer to read.
Your natural rate of healing is unusually fast.


Message History

You are splashed with acid!
The acid burns!
You resist.
* * * LOW HITPOINT WARNING * * *
You slash the acid blob!
Your hands burn!
* * * LOW HITPOINT WARNING * * *
You headbutt the acid blob!
The acid blob is moderately wounded.
You hit the acid blob.
Your hands burn!
* * * LOW HITPOINT WARNING * * *
You block the acid blob's attack.
You feel better. The acid blob spits acid at you. The splash of acid hits you!
You resist.
* * * LOW HITPOINT WARNING * * *
You are splashed with acid!
The acid burns!
You resist.
* * * LOW HITPOINT WARNING * * *
The acid blob spits acid at you. The splash of acid hits you! You resist.
* * * LOW HITPOINT WARNING * * *
You are splashed with acid!
The acid burns!
You resist.
You die...

#.....######.........#.P.##
#.....#.>.###.........P...#
##.....#...##....##.........
#......#._.###...#.....#..##
##.....##'##..............##
#..........##....#÷........#
#..........#.#...#..........
###..P....JJ#............#..
#........@................
#....................P....
##...P......P...#.....≈.≈≈.
#..............#....≈≈≈≈≈≈.
#P.................≈≈≈≈≈≈≈≈
####...#P.#........≈≈≈≈≈≈≈≈
###..######.......≈≈≈≈≈.≈≈
#....# #.......≈≈≈.>.≈≈
##..## ###......≈≈≈≈≈..≈≈


You could see 2 acid blobs.

Vanquished Creatures
  An acid blob (Lair:5)
  Kirke (Lair:5)
  The ghost of lupus83 the Markscentaur, a journeyman CeHu of Okawaru (Lair:3)
  6 hydras
  2 catoblepae (Lair:5)
  Pikel (D:5)
  7 oklob plants (Lair:3)
  5 elephants (Lair:3)
  Joseph (D:8)
  5 black mambas
  3 spiny frogs
  A rime drake (Lair:5)
  3 komodo dragons
  5 blink frogs (Lair:3)
  3 hippogriffs
  5 dream sheep (Lair:5)
  A wraith (D:7)
  34 yaks
  The ghost of solomon12318 the Sneak, an amateur SpEn (Sewer)
  3 hogs (Lair:5)
  A basilisk (Lair:3)
  5 swamp worms (Lair:3)
  12 water moccasins
  7 porcupines
  2 orc warriors
  A black bear (Lair:4)
  2 ice beasts (D:8)
  2 slaves (D:5)
  2 wolves (Lair:4)
  A necrophage (D:6)
  4 boggarts (Lair:4)
  4 ogres
  A centaur (D:6)
  12 crocodiles
  Blork the orc (D:6)
  2 big kobolds
  12 bullfrogs
  3 scorpions
  4 wights (D:6)
  2 howler monkeys
  An electric eel (Lair:3)
  6 crimson imps
  4 orc priests
  A bullfrog skeleton (D:8)
  A jelly (D:8)
  2 hounds
  A centaur skeleton (D:8)
  7 orc wizards
  5 worker ants
  A hound skeleton (D:7)
  10 gnolls
  9 adders
  6 river rats
  2 shadow imps
  3 oozes
  An adder skeleton (D:5)
  8 worms
  5 dart slugs
  6 leopard geckos
  25 orcs
  A ball python (D:5)
  7 bats
  9 giant cockroaches
  9 goblins
  5 hobgoblins
  6 jackals
  9 quokkas
  6 frilled lizards
  2 gnoll zombies (D:5)
  18 kobolds
  6 rats
  A fungus (Lair:2)
  16 plants (Lair:3)
368 creatures vanquished.

Vanquished Creatures (others)
  A bush (Lair:1)
  3 fungi
  4 plants
8 creatures vanquished.

Grand Total: 376 creatures vanquished

Notes
Turn   | Place    | Note
-------+----------+-------------------------------------------
     0 | D:1      | zoopp the Minotaur Fighter began the quest for the Orb.
     0 | D:1      | Reached XP level 1. HP: 19/19 MP: 0/0
   304 | D:1      | Reached XP level 2. HP: 23/27 MP: 1/1
   500 | D:1      | Reached skill level 3 in Axes
   687 | D:1      | Reached XP level 3. HP: 33/33 MP: 2/2
   749 | D:1      | Gained mutation: You have a pair of large horns on your head. [potion of mutation]
   749 | D:1      | Gained mutation: Your muscles are strong. (Str +2) [potion of mutation]
   797 | D:2      | Found a hazy altar of Hepliaklqana.
  1002 | D:2      | Found a faded altar of an unknown god.
  1280 | D:2      | Reached XP level 4. HP: 35/40 MP: 3/3
  1407 | D:2      | Lost mutation: You have a pair of large horns on your head. [potion of cure mutation]
  1407 | D:2      | Lost mutation: Your muscles are strong. (Str +2) [potion of cure mutation]
  1545 | D:3      | Reached skill level 4 in Axes
  1550 | D:3      | Reached XP level 5. HP: 37/46 MP: 4/4
  1622 | D:3      | Found an opulent altar of Gozag.
  1823 | D:3      | Found a glowing drain.
  1828 | Sewer    | Entered a sewer
  1966 | Sewer    | Noticed solomon12318's ghost (amateur SpEn)
  1981 | Sewer    | Killed solomon12318's ghost
  1981 | Sewer    | Reached skill level 5 in Axes
  1981 | Sewer    | Reached skill level 5 in Armour
  1981 | Sewer    | Reached skill level 1 in Dodging
  1981 | Sewer    | Reached skill level 5 in Shields
  1981 | Sewer    | Reached XP level 6. HP: 45/52 MP: 5/5
  2058 | Sewer    | Found a glowing silver altar of Zin.
  2225 | D:3      | Found a faded altar of an unknown god.
  2225 | D:3      | Found a faded altar of an unknown god.
  2247 | D:3      | Reached skill level 6 in Axes
  2387 | D:3      | Found an ancient bone altar of Kikubaaqudgha.
  2390 | D:3      | Found a faded altar of an unknown god.
  2392 | D:3      | Found a faded altar of an unknown god.
  2477 | D:3      | Found a radiant altar of Vehumet.
  2835 | D:4      | Gained mutation: You are agile. (Dex +2) [potion of mutation]
  2835 | D:4      | Lost mutation: You are agile. (Dex +2) [potion of mutation]
  2835 | D:4      | Gained mutation: Scrolls take you a little longer to read. [potion of mutation]
  2836 | D:4      | Gained mutation: Your spells are a little harder to cast, but a little more powerful. [potion of mutation]
  2836 | D:4      | Gained mutation: Your natural rate of healing is unusually fast. [potion of mutation]
  2836 | D:4      | Gained mutation: You are partially covered in slimy green scales. (AC +2) [potion of mutation]
  2854 | D:4      | Reached XP level 7. HP: 41/60 MP: 6/6
  3321 | D:4      | Reached skill level 5 in Fighting
  3321 | D:4      | Reached skill level 7 in Axes
  3388 | D:4      | Found a staircase to the Ecumenical Temple.
  3398 | Temple   | Entered the Ecumenical Temple
  3838 | D:4      | Found a deep blue altar of Sif Muna.
  4260 | D:5      | Entered Level 5 of the Dungeon
  4298 | D:5      | Found a hazy altar of Hepliaklqana.
  4361 | D:5      | Noticed Pikel
  4369 | D:5      | Killed Pikel
  4369 | D:5      | Reached skill level 8 in Axes
  4369 | D:5      | Reached XP level 8. HP: 56/70 MP: 7/7
  4677 | D:5      | Found a basalt altar of Yredelemnul.
  5000 | D:6      | Found an iron altar of Okawaru.
  5021 | D:6      | Became a worshipper of Warmaster Okawaru
  5093 | D:6      | Reached skill level 1 in Stealth
  5203 | D:6      | Noticed Blork the orc
  5214 | D:6      | Killed Blork the orc
  5214 | D:6      | Reached skill level 1 in Throwing
  5297 | D:6      | Reached XP level 9. HP: 75/75 MP: 8/8
  5373 | D:7      | Found a hide-covered altar of Uskayaw.
  5380 | D:7      | Reached * piety under Okawaru
  5380 | D:7      | Reached skill level 9 in Axes
  6357 | D:8      | Reached ** piety under Okawaru
  6363 | D:8      | Reached skill level 10 in Axes
  6471 | D:7      | Reached XP level 10. HP: 46/86 MP: 9/9
  6471 | D:7      | Reached *** piety under Okawaru
  6577 | D:8      | Found a staircase to the Lair.
  6626 | D:8      | Noticed Joseph
  6645 | D:8      | Killed Joseph
  6645 | D:8      | Reached skill level 11 in Axes
  6650 | D:8      | Lost mutation: Your spells are a little harder to cast, but a little more powerful. [potion of mutation]
  6650 | D:8      | Gained mutation: Scrolls take you longer to read. [potion of mutation]
  6863 | D:8      | Found an iron altar of Okawaru.
  7214 | Lair:1   | Entered Level 1 of the Lair of Beasts
  7242 | Lair:1   | Reached **** piety under Okawaru
  7404 | Lair:1   | Reached skill level 12 in Axes
  7437 | Lair:1   | Noticed a black mamba
  7443 | Lair:1   | Killed a black mamba
  7443 | Lair:1   | Reached ***** piety under Okawaru
  7799 | Lair:1   | Reached skill level 1 in Invocations
  7848 | Lair:1   | Reached XP level 11. HP: 84/94 MP: 10/10
  7951 | Lair:1   | Noticed an eight-headed hydra
  7992 | Lair:1   | Killed an eight-headed hydra
  7992 | Lair:1   | Received a gift from Okawaru
  8316 | Lair:2   | Reached skill level 1 in Maces & Flails
  8472 | Lair:2   | Reached skill level 10 in Armour
  9150 | Lair:3   | Noticed lupus83's ghost (journeyman CeHu)
  9159 | Lair:3   | Reached skill level 10 in Shields
  9161 | Lair:3   | Received a gift from Okawaru
  9215 | Lair:3   | Killed lupus83's ghost
  9537 | Lair:3   | Received a gift from Okawaru
  9612 | Lair:3   | Reached skill level 13 in Axes
  9616 | Lair:3   | Found a staircase to the Snake Pit.
  9648 | Lair:3   | Received a gift from Okawaru
  9752 | Lair:3   | Noticed an eight-headed hydra
  9779 | Lair:3   | Killed an eight-headed hydra
  9894 | Lair:3   | Reached XP level 12. HP: 102/104 MP: 14/14
 10052 | Lair:3   | Reached ****** piety under Okawaru
 10052 | Lair:3   | Received a gift from Okawaru
 10057 | Lair:3   | Got a dazzling war axe {god gift}
 10060 | Lair:3   | Identified the +6 war axe "Itydi" {speed, rN+ Dex+7} (Okawaru gifted it to you on level 3 of the Lair of Beasts)
 10252 | Lair:3   | Identified Cedeog's Grimoire of Enchanting Aid
 10410 | Lair:3   | Found a staircase to the Swamp.
 10416 | Lair:3   | Reached skill level 5 in Invocations
 10587 | Lair:3   | Noticed a six-headed hydra
 10597 | Lair:3   | Killed a six-headed hydra
 10787 | Lair:3   | Received a gift from Okawaru
 10794 | Lair:3   | Reached skill level 14 in Axes
 10849 | Lair:3   | Got a twisted spear
 11391 | Lair:4   | Reached skill level 10 in Fighting
 11835 | Lair:4   | Noticed a four-headed hydra
 11844 | Lair:4   | Killed a four-headed hydra
 12047 | Lair:4   | Identified a scroll of acquirement
 12056 | Lair:4   | Identified the +11 spear of Watchfulness {speed, rPois rF- rN+++ Int+8} (You found it on level 3 of the Lair of Beasts)
 12160 | Lair:5   | Noticed a catoblepas
 12191 | Lair:5   | Killed a catoblepas
 12309 | Lair:5   | Reached XP level 13. HP: 92/114 MP: 16/16
 12311 | Lair:5   | Reached skill level 5 in Throwing
 12421 | Lair:5   | Noticed Kirke
 12436 | Lair:5   | Killed Kirke
 12436 | Lair:5   | Received a gift from Okawaru
 12734 | Lair:5   | Found a runed door.
 12735 | Lair:5   | Found a viscous altar of Jiyva.
 12735 | Lair:5   | Noticed an acid blob
 12736 | Lair:5   | Noticed an acid blob
 12775 | Lair:5   | Got a translucent lead amulet
 13094 | Lair:5   | Found a staircase to the Slime Pits.
 13094 | Lair:5   | Noticed an acid blob
 13104 | Lair:5   | Killed an acid blob
 13104 | Lair:5   | Received a gift from Okawaru
 13104 | Lair:5   | Reached skill level 15 in Axes
 13116 | Lair:5   | HP: 4/115 [acid blob/splash of acid (4)]
 13116 | Lair:5   | Splashed by an acid blob's acid

Skill      XL: |  1  2  3  4  5  6  7  8  9 10 11 12 13 |
---------------+----------------------------------------+-----
Shields        | 4 5 6 7 8 9 11 | 11.8
Axes           | 3 4 5 6 8 10 12 13 14 15 | 15.0
Armour         | 4 5 6 7 8 9 10 11 12 | 12.0
Fighting       | 4 5 6 7 8 9 10 | 10.8
Dodging        | 1 2 3 4 |  4.0
Stealth        | 1 |  1.3
Throwing       | 1 3 4 5 |  5.5
Invocations    | 1 4 6 7 |  7.2
Maces & Flails | 1 2 |  2.9

Action                   |  1- 3 |  4- 6 |  7- 9 | 10-12 | 13-15 || total
-------------------------+-------+-------+-------+-------+-------++-------
Melee: War axe           |    94 |   127 |    10 |   193 |    41 ||   465
       Headbutt          |    15 |    17 |    66 |   216 |    18 ||   332
       Hand axe          |       |       |   253 |   424 |       ||   677
       Broad axe         |       |       |       |    58 |    12 ||    70
       Flail             |       |       |       |    34 |       ||    34
Throw: Tomahawk          |       |       |    27 |    48 |    24 ||    99
       Javelin           |       |       |    17 |     8 |       ||    25
       Throwing net      |       |       |     1 |       |       ||     1
Invok: Heroism           |       |       |     1 |     3 |       ||     4
       Finesse           |       |       |       |     6 |       ||     6
Evoke: Sack of spiders   |       |       |       |     2 |       ||     2
  Use: Scroll            |     5 |     3 |     8 |    12 |     3 ||    31
       Potion            |     1 |     8 |     4 |     7 |     3 ||    23
  Eat: Chunk             |     1 |     6 |    11 |    16 |     2 ||    36
       Fruit             |       |       |       |     4 |       ||     4
Armor: Scale mail        |    39 |    68 |    41 |       |       ||   148
       Plate armour      |       |       |    21 |   241 |    25 ||   287
Dodge: Dodged            |    27 |    36 |    77 |   126 |     7 ||   273
Block: Shield            |    49 |    60 |   148 |   349 |    23 ||   629
